 Dungeon Crawl Stone Soup version 0.31-a0-1499-ge0622b2318 (webtiles) character file.

Game seed: 11809345453807899278

28590 Lobster4 the Metamorph (level 13, -7/98 HPs)
             Began as a Merfolk Shapeshifter on Dec 29, 2023.
             Was a Believer of Uskayaw.
             Mangled by a minotaur
             ... wielding a staff of alchemy
              (9 damage)
             ... in a Gauntlet.
             The game lasted 00:48:45 (14298 turns).

Lobster4 the Metamorph (Merfolk Shapeshifter)      Turns: 14298, Time: 00:48:46

Health: -7/98      AC:  7    Str: 21    XL:     13   Next: 39%
Magic:  20/20      EV: 24    Int: 11    God:    Uskayaw [**....]
Gold:   21         SH:  0    Dex: 21    Spells: 19/22 levels left

rFire   . . .        w - melded +8 dagger "Tormentor" {freeze, rElec}
rCold   . . .        (shield currently unavailable)
rNeg    . . .        W - melded +1 ring mail {rF+}
rPois   .            v - +2 hat
rElec   .            Q - +1 cloak
rCorr   .            n - +1 pair of gloves
SInv    .            D - +0 pair of boots
Will    .....        (no amulet)
Stlth   ++           t - ring "Salisy" {Fly Str+5}
HPRegen 0.36/turn    M - +6 ring of dexterity
MPRegen 0.17/turn

%: no teleportation
@: mighty, flux-form, flying, glowing
A: glow, contaminating, (nimble swimmer 2), mertail
a: Begin Untransformation, Renounce Religion, Stomp, Line Pass


You were in a Gauntlet.
You worshipped Uskayaw.
Uskayaw was noncommittal.
You were something dangerously unstable.
You visited 2 branches of the dungeon, and saw 12 of its levels.
You also visited: Sewer, Ossuary and Gauntlet.

You collected 568 gold pieces.
You spent 547 gold pieces at shops.

Inventory:

Hand Weapons
 w - the +8 dagger "Tormentor" (melded) {freeze, rElec}
   (You found it on level 3 of the Dungeon)

   rElec:     It insulates you from electricity.
 x - a +0 trident of venom
 F - a +2 spear of flaming
 S - a +0 shortbow
 U - a +3 dagger of electrocution
Missiles
 f - 45 poisoned darts (quivered)
 q - 12 stones
Armour
 n - a +1 pair of gloves (worn)
 v - a +2 hat (worn)
 B - +0 acid dragon scales
 D - a +0 pair of boots (worn)
 I - the +2 pair of boots of Divine Intervention {rElec Str+4 Slay-3}
   (You found it in a Gauntlet)

   Str+4:     It affects your strength (+4).
   Slay-3:    It affects your accuracy & damage with ranged weapons and melee
   (-3).
   rElec:     It insulates you from electricity.
 Q - a +1 cloak (worn)
 W - a +1 ring mail of fire resistance (melded)
Magical Staves
 m - a staff of fire
 X - a staff of conjuration
Jewellery
 i - a ring of see invisible
 t - the ring "Salisy" (left hand) {Fly Str+5}
   (You found it on level 2 of the Dungeon)

   [ring of flight]

   Str+5:     It affects your strength (+5).
   Fly:       It grants you flight.
 M - a +6 ring of dexterity (right hand)
 P - a ring of wizardry
Talismans
 c - a beast talisman
 d - a flux talisman (active)
 e - a blade talisman
Wands
 a - a wand of digging (13)
 l - a wand of flame (7)
 O - a wand of polymorph (10)
 V - a wand of paralysis (5)
Scrolls
 j - a scroll of immolation
 o - 2 scrolls of revelation
 r - 6 scrolls of teleportation
 s - a scroll of poison
 y - 2 scrolls of noise
 E - 4 scrolls of fog
 N - a scroll of enchant weapon
 T - 4 scrolls of identify
Potions
 b - 3 potions of lignification
 g - 2 potions of degeneration
 k - 4 potions of mutation
 p - 3 potions of brilliance
 u - 2 potions of curing
 z - 3 potions of enlightenment
 A - 8 potions of might
 C - 2 potions of magic
 H - 6 potions of invisibility
 K - a potion of ambrosia
 L - a potion of resistance
 R - a potion of attraction
Miscellaneous
 G - a lightning rod (1/4)


   Skills:
 - Level 8.0 Fighting
 - Level 3.0 Short Blades
 - Level 2.0 Polearms
 - Level 1.0 Throwing
 + Level 4.7 Armour
 + Level 10.7 Dodging
 - Level 6.0 Stealth
 - Level 5.0 Unarmed Combat
 - Level 5.0 Spellcasting
 - Level 3.0 Hexes
 + Level 1.9 Translocations
 - Level 3.0 Invocations
 - Level 3.0 Evocations
 * Level 17.0 Shapeshifting


You had 19 spell levels left.
You knew the following spells:

 Your Spells              Type           Power      Damage    Failure   Level
a - Jinxbite              Hex            18%        N/A       10%         2
o - Apportation           Tloc           14%        N/A       10%         1

Your spell library contained the following spells:

 Spells                   Type           Power      Damage    Failure   Level
 Blink                    Tloc           14%        N/A       14%         2
 Ensorcelled Hibernation  Hex/Ice        12%        N/A       17%         2
 Confusing Touch          Hex            9%         N/A       19%         3
 Tukima's Dance           Hex            9%         N/A       19%         3
 Freeze                   Ice            8%         1d3       22%         1
 Kiss of Death            Conj/Necr      8%         2d6       22%         1
 Magic Dart               Conj           8%         1d3       22%         1
 Necrotise                Necr           8%         1d4       22%         1
 Call Imp                 Summ           4%         N/A       32%         2
 Frozen Ramparts          Ice            4%         1d1       54%         3
 Hailstorm                Conj/Ice       2%         3d5       54%         3
 Passwall                 Erth           2%         N/A       54%         3
 Swiftness                Air            2%         N/A       54%         3
 Vampiric Draining        Necr           2%         2d6       54%         3
 Dimensional Bullseye     Hex/Tloc       4%         N/A       61%         4
 Iskenderun's Mystic Bla  Conj/Tloc      4%         2d3       82%         4
 Dispel Undead            Necr           2%         3d7       91%         4
 Martyr's Knell           Necr/Summ      2%         N/A       91%         4
 Summon Blazeheart Golem  Fire/Summ      2%         N/A       91%         4
 Alistair's Intoxication  Alch           1%         N/A       99%         5
 Curse of Agony           Necr           2%         N/A       99%         5
 Orb of Destruction       Conj           1%         9d5       100%        7
 Spellforged Servitor     Conj/Summ      1%         N/A       100%        7
 Lehudib's Crystal Spear  Conj/Erth      1%         10d2      100%        8


Dungeon Overview and Level Annotations

Branches:
Dungeon (11/15)            Temple (1/1) D:6            Lair (0/5) D:8
    Orc (0/2) D:11          Sewer (visited)         Ossuary (visited)
Gauntlet (1/1)

Altars:
Ashenzari
Cheibriados
Dithmenos
Elyvilon
Fedhas
Gozag
Hepliaklqana
Kikubaaqudgha
Makhleb
Nemelex Xobeh
Okawaru
Qazlal
Ru
Sif Muna
Trog
Uskayaw
Vehumet
Wu Jian
Xom
Yredelemnul
Zin
The Shining One

Shops:
D:2 !   D:4 !   D:10 (

Annotations:
Gauntlet 6 transporters


Innate Abilities, Weirdness & Mutations

You are something dangerously unstable.
You glow with magical radiation, making you easy to see and hit.
Foes you strike become dangerously contaminated with magical radiation.
You are incapable of wielding weapons or throwing items.
((You are very nimble when in or above water. (Stealth+, EV+, Speed+++)))
Your lower body shifts to a powerful aquatic tail in water.


Message History

You feel better.
Aiming: Thunderbolt
Press: ? - help, Shift-Dir - straight line, f - you
Okay, then.
Aiming: Throw Flame
Press: ? - help, Shift-Dir - straight line, f - minotaur
Aim: a minotaur, wielding a staff of alchemy, wearing +0 gold dragon scales, wearing a +0 kite shield of poison resistance, wearing a +4 ring of slaying and quivering javelins (translocational energy, heavily wounded, heavily contaminated, misshapen and mutated, 93% to hit)
The puff of flame hits the minotaur.
The minotaur resists.
The minotaur is heavily wounded.
The minotaur throws a javelin.
The javelin closely misses you.
As you read the scroll of fog, it dissolves into smoke.
You feel better.
Aiming: Thunderbolt
Press: ? - help, Shift-Dir - straight line, f/p - minotaur
Aim: a minotaur, wielding a staff of alchemy, wearing +0 gold dragon scales, wearing a +0 kite shield of poison resistance, wearing a +4 ring of slaying and quivering javelins (grey smoke, heavily wounded, misshapen and mutated)
The thunderbolt hits the minotaur.
The minotaur is heavily wounded.
Aiming: Thunderbolt
Press: ? - help, Shift-Dir - straight line, f/p - minotaur
Aim: a minotaur, wielding a staff of alchemy, wearing +0 gold dragon scales, wearing a +0 kite shield of poison resistance, wearing a +4 ring of slaying and quivering javelins (grey smoke, heavily wounded, misshapen and mutated)
The thunderbolt hits the minotaur!
The minotaur is severely wounded.
The minotaur hits you with a staff of alchemy!!
* * * LOW HITPOINT WARNING * * *
The minotaur envenoms you.
* * * LOW HITPOINT WARNING * * *
You are lethally poisoned!
The minotaur misses you.
You feel better.
The minotaur hits you with a staff of alchemy.
* * * LOW HITPOINT WARNING * * *
The minotaur gores you.
* * * LOW HITPOINT WARNING * * *
Aiming: Thunderbolt
Press: ? - help, Shift-Dir - straight line, f/p - minotaur
Aim: a minotaur, wielding a staff of alchemy, wearing +0 gold dragon scales, wearing a +0 kite shield of poison resistance, wearing a +4 ring of slaying and quivering javelins (grey smoke, severely wounded, misshapen and mutated)
The thunderbolt hits the minotaur!
The minotaur is almost dead.
The minotaur hits you with a staff of alchemy!
You die...

### ### ### ###
#≈###≈###≈###≈##
≈≈≈#≈≈≈#≈≈≈#≈≈≈#
.............≈##
...#########.#######
.⌠.#.......#.≈##p§§#
...#.##^...#.≈≈#H§§# #####
####.##.^..#.≈##§.§.......#
©.©#..©###©#.###§§§###.##.##
.⌠.#...###.#..##..........8#
...#.#.###.#...#.⌠.#.#.....#
.⌠.#.......#.∩.#...#.#.#####
...#########...#.©.#.H.#
.⌠.....#.....⌠.#...###.'.....


You could see a minotaur (misshapen).

Vanquished Creatures
  A tengu warrior (D:10)
  Joseph (D:7)
  3 large abominations (Gauntlet)
  Psyche (D:8)
  3 trolls
  2 hornets (Gauntlet)
  Grinder (D:5)
  3 shadows
  Sigmund (D:2)
  3 wyverns (D:9)
  A vampire (D:11)
  A wraith (D:10)
  Eustachio (D:4)
  5 yaks (D:8)
  2 steam dragons
  2 acid dragons (D:10)
  2 water moccasins
  2 ice beasts
  2 black bears
  3 sky beasts
  3 ogres
  3 wolves (D:8)
  6 centaurs
  A phantom (D:4)
  5 elf zombies (Ossuary)
  2 bullfrogs
  3 kobold brigands
  3 small abominations (Gauntlet)
  A necrophage (Sewer)
  5 scorpions
  4 wights (D:9)
  4 killer bees (D:8)
  3 howler monkeys (D:8)
  6 electric eels (D:8)
  A bombardier beetle (D:7)
  4 centaur zombies (Ossuary)
  6 hounds
  2 jellies
  A human zombie (Ossuary)
  2 gnoll boudas (D:7)
  9 orc priests
  Crazy Yiuf (D:2)
  A sleepcap (D:6)
  6 iguanas
  7 orc wizards
  4 hound zombies (Ossuary)
  2 mummies (Ossuary)
  15 gnolls
  8 adders
  4 ribbon worms
  2 shadow imps
  3 ufetubi (Sewer)
  4 adder zombies
  4 dart slugs
  23 orcs
  9 endoplasms
  5 giant cockroaches
  5 gnoll zombies (Ossuary)
  9 goblins
  5 hobgoblins
  29 kobolds
  5 quokkas
  4 ball pythons (D:1)
  6 bats
  4 frilled lizards
  4 jackal zombies (Ossuary)
  9 kobold zombies
  4 orc zombies (Ossuary)
  3 rats
  A butterfly (D:6)
300 creatures vanquished.

Vanquished Creatures (collateral kills)
  A phantom (D:5)
1 creature vanquished.

Grand Total: 301 creatures vanquished

Notes
Turn   | Place    | Note
-------+----------+-------------------------------------------
     0 | D:1      | Lobster4 the Merfolk Shapeshifter began the quest for the
                  | Orb.
     0 | D:1      | Reached XP level 1. HP: 15/15 MP: 1/1
    42 | D:1      | Noticed an eye of devastation
    44 | D:1      | Found a faded altar of an unknown god.
    45 | D:1      | Noticed a glass eye
    45 | D:1      | Noticed a golden eye
    45 | D:1      | Noticed a glass eye
   111 | D:1      | Reached XP level 2. HP: 17/21 MP: 2/2
   334 | D:1      | Reached skill level 1 in Polearms
   608 | D:2      | Reached XP level 3. HP: 26/26 MP: 3/3
   625 | D:2      | Reached skill level 1 in Stealth
   648 | D:2      | Noticed Sigmund
   761 | D:2      | Found a runed translucent door.
   762 | D:2      | Noticed Crazy Yiuf
   807 | D:2      | Found Fuoby's Distillery.
   827 | D:2      | Bought a potion of degeneration for 12 gold pieces
   888 | D:2      | Identified the ring "Salisy" {Fly Str+5}
  1431 | D:2      | Bought a potion of lignification for 36 gold pieces
  1431 | D:2      | Bought a potion of berserk rage for 60 gold pieces
  1490 | D:3      | Identified the +8 dagger "Tormentor" {freeze, rElec}
  1582 | D:3      | Reached XP level 4. HP: 23/32 MP: 4/4
  1757 | D:3      | Reached skill level 1 in Armour
  1853 | D:3      | Got the Almanac of the Boiling Point
  1936 | D:3      | Reached XP level 5. HP: 38/38 MP: 5/5
  2284 | D:3      | You are sucked into a shaft and drop 1 floor!
  2285 | D:4      | Found a sand-covered staircase.
  2290 | Ossuary  | Entered an ossuary
  2310 | Ossuary  | Reached skill level 1 in Evocations
  2346 | Ossuary  | Reached skill level 1 in Short Blades
  2403 | Ossuary  | Reached skill level 5 in Shapeshifting
  2433 | Ossuary  | Reached XP level 6. HP: 36/46 MP: 6/6
  2687 | Ossuary  | Reached XP level 7. HP: 27/52 MP: 7/7
  2858 | Ossuary  | Reached skill level 6 in Shapeshifting
  3065 | D:4      | Found Veucho's Distillery.
  3075 | D:4      | Reached skill level 1 in Spellcasting
  3107 | D:4      | Found a burning altar of Makhleb.
  3182 | D:4      | Found a hazy altar of Hepliaklqana.
  3212 | D:4      | Noticed Eustachio
  3286 | D:4      | Reached XP level 8. HP: 57/58 MP: 9/9
  3559 | D:4      | Found an iron altar of Okawaru.
  3770 | D:2      | Bought a potion of invisibility for 96 gold pieces
  3770 | D:2      | Bought a potion of curing for 36 gold pieces
  4048 | D:5      | Entered Level 5 of the Dungeon
  4107 | D:5      | Reached skill level 5 in Dodging
  4113 | D:5      | Found a glowing drain.
  4121 | D:5      | Reached skill level 7 in Shapeshifting
  4156 | Sewer    | Entered a sewer
  4332 | Sewer    | Found an ancient bone altar of Kikubaaqudgha.
  4345 | Sewer    | Reached skill level 1 in Throwing
  4345 | Sewer    | Reached skill level 5 in Unarmed Combat
  4744 | D:5      | Noticed Grinder
  4747 | D:5      | Paralysed by Grinder for 2 turns
  4752 | D:5      | Killed Grinder
  4753 | D:5      | Reached skill level 8 in Shapeshifting
  4775 | D:5      | Reached skill level 9 in Shapeshifting
  4975 | D:5      | Reached XP level 9. HP: 10/63 MP: 13/13
  5575 | D:5      | Reached skill level 10 in Shapeshifting
  6219 | D:6      | Reached skill level 11 in Shapeshifting
  6406 | D:6      | Learned a level 2 spell: Jinxbite
  6728 | D:6      | Found a broken altar of Ashenzari.
  6735 | D:6      | Found a basalt altar of Yredelemnul.
  6813 | D:6      | Reached skill level 1 in Hexes
  6870 | D:6      | Noticed a troll
  6874 | D:6      | Learned a level 1 spell: Apportation
  6921 | D:6      | Found a staircase to the Ecumenical Temple.
  6945 | Temple   | Found a transporter.
  6945 | Temple   | Found a transporter.
  6945 | Temple   | Found a transporter.
  6945 | Temple   | Found a transporter.
  6945 | Temple   | Entered the Ecumenical Temple
  6957 | Temple   | Became a worshipper of Uskayaw the Reveller
  7043 | D:6      | Reached * piety under Uskayaw
  7332 | D:6      | Reached ** piety under Uskayaw
  7611 | D:7      | Reached skill level 1 in Invocations
  7615 | D:7      | Reached *** piety under Uskayaw
  7974 | D:2      | Bought a potion of resistance for 120 gold pieces
  8414 | D:7      | Reached XP level 10. HP: 71/71 MP: 14/14
  8426 | D:7      | Noticed Joseph
  8470 | D:7      | Killed Joseph
  8471 | D:7      | Reached skill level 12 in Shapeshifting
  8633 | D:2      | Killed Crazy Yiuf
  8773 | D:2      | Killed Sigmund
  8843 | D:4      | Killed Eustachio
  9064 | D:7      | Reached **** piety under Uskayaw
  9074 | D:7      | Reached ***** piety under Uskayaw
  9618 | D:8      | Noticed Psyche
  9630 | D:8      | Killed Psyche
  9911 | D:8      | Reached skill level 5 in Fighting
 10182 | D:8      | Found a staircase to the Lair.
 10328 | D:8      | Reached skill level 13 in Shapeshifting
 10869 | D:8      | Reached XP level 11. HP: 27/79 MP: 15/15
 11630 | D:8      | Found a bloodstained altar of Trog.
 11930 | D:9      | Reached skill level 10 in Dodging
 11930 | D:9      | Reached skill level 15 in Shapeshifting
 11930 | D:9      | Reached XP level 12. HP: 89/89 MP: 15/18
 11931 | D:9      | Reached skill level 5 in Stealth
 11931 | D:9      | Reached skill level 16 in Shapeshifting
 11931 | D:9      | Reached XP level 13. HP: 98/98 MP: 15/19
 12430 | D:4      | Bought a potion of heal wounds for 55 gold pieces
 12430 | D:4      | Bought a potion of might for 44 gold pieces
 12830 | D:10     | Entered Level 10 of the Dungeon
 13000 | D:10     | Reached skill level 1 in Translocations
 13392 | D:4      | Bought a potion of ambrosia for 88 gold pieces
 13616 | D:10     | Found Datiesesk's Weapon Emporium.
 13700 | D:10     | Found a white marble altar of Elyvilon.
 13701 | D:10     | Found a glowing golden altar of the Shining One.
 13701 | D:10     | Found a glowing silver altar of Zin.
 13838 | D:11     | Found a gate leading to a gauntlet.
 13847 | Gauntlet | Entered a Gauntlet
 13847 | Gauntlet | Found a transporter.
 13847 | Gauntlet | Found a runed translucent gate.
 13847 | Gauntlet | Found a transporter.
 13866 | Gauntlet | Found a transporter.
 13870 | Gauntlet | Found a transporter.
 13880 | Gauntlet | Found a transporter.
 13882 | Gauntlet | Found a transporter.
 13890 | Gauntlet | Found a transporter.
 13911 | Gauntlet | Found a transporter.
 13928 | Gauntlet | Found a transporter.
 13932 | Gauntlet | Found a transporter.
 13940 | Gauntlet | Found a transporter.
 13944 | Gauntlet | Found a transporter.
 13946 | Gauntlet | Found a runed translucent gate.
 13946 | Gauntlet | Found a runed translucent gate.
 14023 | Gauntlet | Paralysed by a hornet for 3 turns
 14118 | Gauntlet | Reached skill level 5 in Spellcasting
 14118 | Gauntlet | Reached skill level 17 in Shapeshifting
 14125 | Gauntlet | Identified the +2 pair of boots of Divine Intervention
                  | {rElec Str+4 Slay-3}
 14270 | Gauntlet | Noticed a minotaur
 14285 | Gauntlet | HP: 2/98 [minotaur/staff of alchemy (6)]
 14296 | Gauntlet | HP: 1/98 [minotaur/staff of alchemy (6)]
 14298 | Gauntlet | Mangled by a minotaur

Illustrated notes

Levels and vault maps discovered:
D:1:      wander_arrival_chamber, layout_basic,
          hellmonk_ecumenical_altar_watching_god
D:2:      layout_loops_cross, serial_shops, shop, minmay_gold_behind_fungi,
          uniq_sigmund, uniq_crazy_yiuf_cottage
D:3:      layout_basic
D:4:      layout_basic, bloody_makhleb, okawaru_ov_weapons_minmay,
          mainiacjoe_overflow_alcove_2, serial_shops,
          nicolae_shop_window_shopping, enter_ossuary_2,
          amcnicky_mini_pool_small, nicolae_half_adder, uniq_eustachio
D:5:      layout_gridville, mainiacjoe_sewer_entry_somewhere_in_here_1,
          uniq_grinder
D:6:      layout_cave_pools, mainiacjoe_overflow_catwalk_spiral,
          minmay_temple_entry_butterflies, kennysheep_small_spiral,
          dk_noncrumbling_4, grunt_ministairs_2
D:7:      layout_basic, uniq_joseph
D:8:      layout_basic, mainiacjoe_overflow_concentric_impassable,
          erik_lair_island, serial_bayou_lagoon_b, uniq_psyche
D:9:      layout_long_grid
D:10:     layout_roguey, dreamdust_divine_triumvirate, serial_shops,
          shop_fountains
D:11:     layout_loops_corners, erik_orc_4, gauntlet_entry_generic, uniq_erica
Temple:   hellmonk_temple_divided_pantheon
Gauntlet: minmay_gauntlet_77_indecision
          [minmay_gauntlet_arena_77_radiant_squares,
          minmay_gauntlet_arena_77_run_for_it, minmay_gauntlet_arena_77_box,
          minmay_gauntlet_arena_77_two_lines, minmay_gauntlet_arena_77_braids,
          minmay_gauntlet_arena_77_block_sizes,
          nicolae_gauntlet_exit_dead_adventurers]

Skill      XL: |  1  2  3  4  5  6  7  8  9 10 11 12 13 |
---------------+----------------------------------------+-----
Polearms       | 1 2 |  2.0
Stealth        | 1 2 5 6 |  6.0
Dodging        | 3 4 5 6 8 10 | 10.7
Fighting       | 2 3 5 6 7 8 |  8.0
Armour         | 1 2 4 |  4.7
Evocations     | 1 2 3 |  3.0
Short Blades   | 1 2 3 |  3.0
Shapeshifting  | 5 6 9 11 13 15 16 17 | 17.0
Unarmed Combat | 4 5 |  5.0
Spellcasting   | 1 3 4 5 |  5.0
Throwing       | 1 |  1.0
Hexes          | 2 3 |  3.0
Invocations    | 1 3 |  3.0
Translocations | 1 |  1.9

Action                     |  1- 3 |  4- 6 |  7- 9 | 10-12 | 13-15 || total
---------------------------+-------+-------+-------+-------+-------++-------
  Melee: Spear             |    78 |       |    13 |       |       ||    91
         Dagger            |     2 |   129 |   338 |   130 |    27 ||   626
         Punch             |     1 |     5 |    10 |     4 |     4 ||    24
         Unarmed           |       |       |       |   107 |   109 ||   216
   Fire: Shortbow          |       |       |       |     4 |       ||     4
  Throw: Stone             |     2 |       |     6 |       |     3 ||    11
         Dart              |       |       |    26 |    11 |     1 ||    38
         Boomerang         |       |       |     9 |       |     5 ||    14
   Cast: Apportation       |       |       |     2 |       |       ||     2
         Jinxbite          |       |       |       |     1 |     1 ||     2
  Evoke: Lightning rod     |       |       |       |       |     3 ||     3
         Wand              |       |       |       |       |     1 ||     1
    Use: Scroll            |       |       |    14 |     5 |     7 ||    26
         Potion            |       |       |     1 |     3 |    11 ||    15
   Stab: Sleeping          |     5 |     2 |     2 |     2 |     6 ||    17
         Distracted        |       |       |     2 |       |       ||     2
         Paralysed         |       |       |     1 |     8 |     3 ||    12
 Armour: Animal skin       |    19 |    15 |       |       |       ||    34
         Leather armour    |       |    62 |   133 |       |       ||   195
         Ring mail         |       |       |    38 |    68 |    36 ||   142
         Skin              |       |       |       |    39 |    43 ||    82
  Dodge: Dodged            |    25 |    65 |   216 |   215 |   139 ||   660
   Form: Beast             |     2 |       |       |     1 |       ||     3
                           |     1 |       |       |       |       ||     1
         Flux              |       |       |       |     2 |     1 ||     3
         Blade             |       |       |       |     1 |     1 ||     2

Table legend: (Time is in decaauts)
 A = Elapsed time spent in this place.
 B = Non-inter-level travel time spent in this place.
 C = Inter-level travel time spent in this place.
 D = Time resting spent in this place.
 E = Time spent auto-exploring this place.
 F = Levels seen in this place.
 G = Mean time per level.
                   A        B        C        D        E       F      G
               +--------+--------+--------+--------+--------+-----+--------+
         Total |  14076 |  12610 |   1466 |   2794 |   6669 |  15 |  938.4 |
       Dungeon |  12363 |  10911 |   1452 |   2129 |   6379 |  11 | 1123.9 |
        Temple |     84 |     70 |     14 |     52 |      0 |   1 |   84.0 |
         Sewer |    456 |    456 |      0 |    124 |     89 |   1 |  456.0 |
       Ossuary |    746 |    746 |      0 |    357 |    104 |   1 |  746.0 |
      Gauntlet |    426 |    426 |      0 |    132 |     96 |   1 |  426.0 |
               +--------+--------+--------+--------+--------+-----+--------+

Top non-repeatable levels by time:
     D:8: 2023 daAuts
     D:5: 1930 daAuts
     D:7: 1860 daAuts
     D:6: 1325 daAuts
     D:2: 1266 daAuts
     D:3: 1025 daAuts
     D:9: 792 daAuts
     D:4: 782 daAuts
 Ossuary: 746 daAuts
    D:10: 630 daAuts
     D:1: 605 daAuts
   Sewer: 456 daAuts
Gauntlet: 426 daAuts
    D:11: 119 daAuts
  Temple: 84 daAuts
